 Dungeon Crawl Stone Soup version 0.23.2-1-ga50397a (webtiles) character file.

Game seed: 12267830242267998989

63 Fang the Skirmisher (level 4, -5/43 HPs)
             Began as a Gargoyle Berserker on Apr 25, 2019.
             Was a Believer of Trog.
             Killed by divine providence
             ... invoked by an orc priest
              (14 damage)
             ... on level 2 of the Dungeon.
             The game lasted 00:01:08 (995 turns).

Fang the Skirmisher (Gargoyle Berserker)             Turns: 995, Time: 00:01:09

Health: -5/43      AC:  9    Str: 27    XL:     4   Next: 10%
Magic:  4/4        EV: 12    Int:  7    God:    Trog [**....]
Gold:   63         SH:  0    Dex:  9    Spells: 3/3 levels left

rFire    . . .     SeeInvis .   a - +0 hand axe
rCold    . . .     Gourm    .   (no shield)
rNeg     + . .     Faith    .   b - +0 animal skin
rPois    ∞         Spirit   .   (no helmet)
rElec    +         Reflect  .   (no cloak)
rCorr    .         Harm     .   (no gloves)
MR       .....                  j - +2 pair of boots
Stlth    ..........             (no amulet)
HPRegen  0.14/turn              (no ring)
MPRegen  0.09/turn              (no ring)

@: berserking (expiring), very quick
A: negative energy resistance 1, electricity resistance, unbreathing,
petrification resistance, rot immunity, AC +3
a: Berserk, Trog's Hand, Renounce Religion


You were on level 2 of the Dungeon.
You worshipped Trog.
Trog was pleased with you.
You were very hungry.

You visited 1 branch of the dungeon, and saw 2 of its levels.

You collected 63 gold pieces.

Inventory:

Hand Weapons
 a - a +0 hand axe (weapon)
Armour
 b - a +0 animal skin (worn)
 j - a +2 pair of boots (worn)
Scrolls
 e - 8 scrolls of identify {unknown}
 h - 2 scrolls of remove curse {unknown}
 l - 2 scrolls of amnesia {unknown}
Potions
 f - 2 potions of agility {unknown}
 g - 2 potions of curing {unknown}
 i - a potion of lignification {unknown}
 k - a potion of heal wounds {unknown}
Comestibles
 c - 6 rations
 d - 7 chunks of flesh


   Skills:
 + Level 3.8 Fighting
 + Level 3.2 Axes
 + Level 3.0 Armour
 + Level 2.2 Dodging


You had 3 spell levels left.
You didn't know any spells.
Your spell library was empty.

Dungeon Overview and Level Annotations

Branches:
Dungeon (2/15)

Altars:
Kikubaaqudgha


Innate Abilities, Weirdness & Mutations

You are resistant to torment.
Your stone body is resilient. (AC +3)
You are immune to poison.
You resist negative energy. (rN+)
You are resistant to electric shocks. (rElec)
You can survive without breathing.
You are immune to petrification.
You are immune to rotting.


Message History

You barely miss the orc. You closely miss the orc wizard.
You closely miss the orc wizard. The orc wizard casts a spell at you.
The puff of flame hits you.
* * * LOW HITPOINT WARNING * * *
You closely miss the orc wizard. The orc wizard completely misses you.
The orc wizard closely misses you.
You hit the orc wizard.
The orc wizard is heavily wounded.
The orc wizard misses you.
You barely miss the orc wizard.
The orc wizard is heavily wounded.
The orc wizard closely misses you.
You hit the orc wizard but do no damage.
The orc wizard is heavily wounded.
The orc wizard misses you.
The orc priest invokes the aid of Beogh against you.
Beogh smites you!
You die...

#.###.#######<.
#.....## ##. ..
##.....# #.. #..
#####.# #.## ...
########.# #.. ...
.........# #.##.#
#######..######.#.##
#.....>.$....#
#....#######@##.._.
#.#### #o# # #


ooo ..S.. ##...## ##.## ### You could see an orc priest, an orc wizard, an adder
and 2 orcs.

Vanquished Creatures
  A gnoll (D:1)
  2 dart slugs
  A leopard gecko (D:1)
  An orc (D:2)
  6 bats (D:1)
  4 giant cockroaches (D:1)
  5 goblins
  11 hobgoblins
  5 kobolds
  2 frilled lizards
  4 rats
42 creatures vanquished.

Notes
Turn   | Place    | Note
-------+----------+-------------------------------------------
     0 | D:1      | Fang the Gargoyle Berserker began the quest for the Orb.
     0 | D:1      | Reached XP level 1. HP: 14/14 MP: 1/1
   101 | D:1      | Reached XP level 2. HP: 15/19 MP: 2/2
   193 | D:1      | Reached XP level 3. HP: 15/23 MP: 3/3
   308 | D:1      | Reached ** piety under Trog
   939 | D:2      | Reached XP level 4. HP: 24/29 MP: 4/4
   977 | D:2      | Found an ancient bone altar of Kikubaaqudgha.
   995 | D:2      | Killed from afar by an orc priest

Skill      XL: |  1  2  3  4 |
---------------+-------------+-----
Dodging        | 2 |  2.2
Axes           | 3 |  3.2
Armour         | 3 |  3.0
Fighting       | |  3.8

Action                   |  1- 3 |  4- 6 || total
-------------------------+-------+-------++-------
Melee: Hand axe          |   124 |    16 ||   140
Invok: Berserk           |       |     1 ||     1
Armor: Animal skin       |    35 |     1 ||    36
Dodge: Dodged            |    80 |     9 ||    89
